 Dungeon Crawl Stone Soup version 0.30-a0-29-g142975f185 (webtiles) character file.

Game seed: 17258056619452396947

80441 Sobieck the Carver (level 15, -1/77 HPs)
             Began as a Vine Stalker Hunter on Aug 26, 2022.
             Was a Priest of Uskayaw.
             Slain by an orc warlord
             ... wielding a +0 battleaxe
              (20 damage)
             ... on level 1 of the Orcish Mines.
             The game lasted 01:04:08 (22548 turns).

Sobieck the Carver (Vine Stalker Hunter)           Turns: 22548, Time: 01:04:09

Health: -1/77      AC: 17    Str: 19    XL:     15   Next: 67%
Magic:  0/24       EV: 15    Int:  9    God:    Uskayaw [***...]
Gold:   1784       SH:  0    Dex: 24    Spells: 25/25 levels left

rFire   . . .      SeeInvis .    b - +9 falchion of Guul {vorpal, Str+4, long}
rCold   . . .      Faith    .    (no shield)
rNeg    . . .      Spirit   +    X - +2 troll leather armour {Pargi}
rPois   .          Reflect  .    Q - +1 helmet
rElec   .          Harm     .    (no cloak)
rCorr   .          Rampage  .    F - +1 pair of gloves
Will    +....                    c - +2 pair of boots
Stlth   +++++.....               W - amulet of regeneration {@e2}
HPRegen 2.62/turn                j - +4 ring of slaying
MPRegen 0.19/turn                D - +4 ring of protection

@: no status effects
A: fangs 3, regeneration 1, magic shield, antimagic bite, no potion heal 2
a: Renounce Religion, Stomp, Line Pass


You were on level 1 of the Orcish Mines.
You worshipped Uskayaw.
Uskayaw was aware of your devotion.
You visited 4 branches of the dungeon, and saw 23 of its levels.
You also visited: Sewer.

You collected 1989 gold pieces.
You spent 205 gold pieces at shops.


Innate Abilities, Weirdness & Mutations

You have razor-sharp teeth.
Your natural rate of healing is unusually fast.
When hurt, damage is shared between your health and your magic reserves.
Your bite disrupts and absorbs the magic of your enemies.
Potions cannot restore your health.


   Skills:
 + Level 8.0 Fighting
 - Level 14.0 Long Blades
 * Level 12.0 Ranged Weapons
 - Level 2.0 Armour
 - Level 5.0 Dodging
 + Level 9.6 Stealth
 + Level 5.8 Spellcasting
 * Level 9.3 Invocations
 + Level 9.7 Evocations


You had 25 spell levels left.
You didn't know any spells.
Your spell library contained the following spells:

 Spells                   Type           Power      Damage    Failure   Level
 Apportation              Tloc           4%         N/A       26%         1
 Beastly Appendage        Tmut           4%         N/A       26%         1
 Magic Dart               Conj           8%         1d3       26%         1
 Necrotise                Necr           8%         1d4       26%         1
 Call Imp                 Summ           2%         N/A       38%         2
 Searing Ray              Conj           4%         2d4       38%         2
 Static Discharge         Conj/Air       4%         3-4/arc   38%         2
 Wereblood                Tmut           2%         N/A       38%         2
 Call Canine Familiar     Summ           2%         N/A       63%         3
 Conjure Flame            Conj/Fire      2%         6-21      63%         3
 Ignite Poison            Fire/Tmut/Pois 2%         N/A       63%         3
 Mephitic Cloud           Conj/Pois/Air  2%         N/A       63%         3
 Portal Projectile        Hex/Tloc       4%         N/A       63%         3
 Spider Form              Tmut/Pois      2%         N/A       63%         3
 Summon Guardian Golem    Hex/Summ       2%         N/A       63%         3
 Tukima's Dance           Hex            2%         N/A       63%         3
 Vampiric Draining        Necr           2%         2d6       63%         3
 Animate Armour           Summ/Erth      4%         N/A       95%         4
 Cause Fear               Hex            1%         N/A       95%         4
 Fulminant Prism          Conj/Hex       1%         3d6       95%         4
 Leda's Liquefaction      Hex/Erth       1%         N/A       95%         4
 Olgreb's Toxic Radiance  Pois           2%         N/A       95%         4
 Passage of Golubria      Tloc           2%         N/A       95%         4
 Sticky Flame             Conj/Fire      2%         2d3       95%         4
 Summon Ice Beast         Ice/Summ       2%         N/A       95%         4
 Agony                    Necr           2%         N/A       100%        5
 Alistair's Intoxication  Tmut/Pois      1%         N/A       100%        5
 Blade Hands              Tmut           1%         N/A       100%        5
 Lightning Bolt           Conj/Air       1%         1d12      100%        5
 Summon Mana Viper        Hex/Summ       2%         N/A       100%        5
 Yara's Violent Unravell  Hex/Tmut       1%         3d3       100%        5
 Iron Shot                Conj/Erth      1%         9d1       100%        6
 Dragon Form              Tmut           1%         N/A       100%        7
 Monstrous Menagerie      Summ           1%         N/A       100%        7
 Orb of Destruction       Conj           1%         9d5       100%        7
 Ozocubu's Refrigeration  Ice            1%         4d7       100%        7
 Spellforged Servitor     Conj/Summ      1%         N/A       100%        7
 Ignition                 Fire           1%         3d3       100%        8
 Maxwell's Capacitive Co  Air            1%         ∞         100%        8
 Dragon's Call            Summ           1%         N/A       100%        9

Inventory:

Hand Weapons
 a - a +9 longbow of flaming {bow}
   (You acquired it on level 14 of the Dungeon)
 b - the +9 falchion of Guul (weapon) {vorpal, Str+4, long}
   (You found it on level 5 of the Dungeon)

   It inflicts extra damage upon your enemies.
   Str:       It affects your strength (+4).
 h - a +1 spectral rapier {short}
   (You bought it in a shop on level 3 of the Dungeon)
Missiles
 i - 136 stones {throwing}
 p - 4 atropa-tipped darts {throwing}
 q - 17 curare-tipped darts {=fthrowing}
 r - 8 boomerangs {throwing}
 t - 45 poisoned darts {throwing}
 T - 16 javelins {throwing}
Armour
 c - a +2 pair of boots (worn)
   (You found it on level 11 of the Dungeon)
 F - a +1 pair of gloves (worn)
   (You found it on level 4 of the Lair of Beasts)
 Q - a +1 helmet (worn)
   (You found it on level 3 of the Lair of Beasts)
 X - a +2 troll leather armour (worn) {Pargi}
   (You found it in a sewer)
Jewellery
 g - a ring of ice
   (You found it on level 5 of the Lair of Beasts)
 j - a +4 ring of slaying (left hand)
   (You found it on level 1 of the Dungeon)
 l - a ring of see invisible
   (You found it on level 11 of the Dungeon)
 y - a ring of protection from cold
   (You found it on level 3 of the Lair of Beasts)
 D - a +4 ring of protection (right hand)
   (You found it on level 3 of the Dungeon)
 U - a ring of positive energy
   (You found it on level 5 of the Lair of Beasts)
 W - an amulet of regeneration (around neck) {@e2}
   (You found it on level 15 of the Dungeon)
Wands
 v - a wand of digging (4)
   (You found it on level 4 of the Dungeon)
 G - a wand of mindburst (3)
   (You found it on level 12 of the Dungeon)
 L - a wand of iceblast (12)
   (You took it off a kobold on level 9 of the Dungeon)
 M - a wand of quicksilver (12)
   (You found it on level 10 of the Dungeon)
 O - a wand of polymorph (13)
   (You found it on level 2 of the Lair of Beasts)
 P - a wand of charming (19)
   (You found it on level 7 of the Dungeon)
 V - a wand of flame (13)
   (You took it off Ijyb on level 5 of the Dungeon)
Scrolls
 f - 6 scrolls of immolation {!r!r}
 k - 4 scrolls of blinking {!r}
 m - 8 scrolls of teleportation {@r4}
 n - 6 scrolls of identify {@r1}
 s - 3 scrolls of vulnerability {!r!r}
 u - 8 scrolls of fear
 z - a scroll of poison {!r}
 J - 7 scrolls of magic mapping {!r}
 K - 2 scrolls of silence {!r}
 S - 3 scrolls of torment {!r}
 Y - a scroll of summoning
 Z - 2 scrolls of butterflies
Potions
 d - 6 potions of curing {@q1}
 e - 6 potions of flight
 o - 4 potions of resistance
 w - 5 potions of mutation {!q}
 x - a potion of cancellation
 A - a potion of invisibility
 B - a potion of berserk rage {unknown}
 H - 3 potions of ambrosia
 I - 3 potions of lignification {!q}
 N - 2 potions of brilliance {unknown}
 R - 4 potions of attraction {!q}
Miscellaneous
 C - a phial of floods
   (You found it on level 10 of the Dungeon)
 E - a box of beasts
   (You found it on level 15 of the Dungeon)

Dungeon Overview and Level Annotations

Branches:
Dungeon (15/15) Zot: 24959  Temple (1/1) D:6 Zot: 5779    Lair (5/5) D:10 Zot: 24058
 Shoals (0/4) Lair:3       Spider (0/4) Lair:2        Slime (0/5) Lair:4
    Orc (2/2) D:12 Zot: 11267  Vaults (0/5) D:13         Depths (0/4) D:15
  Sewer (visited)
    Elf: Orc:2

Altars:
Ashenzari
Cheibriados
Dithmenos
Elyvilon
Fedhas
Gozag
Hepliaklqana
Kikubaaqudgha
Makhleb
Nemelex Xobeh
Okawaru
Qazlal
Ru
Sif Muna
Trog
Uskayaw
Vehumet
Wu Jian
Xom
Yredelemnul
Zin
The Shining One
Jiyva

Shops:
D:3 *   D:11 *

Annotations:
D:15 1 runed translucent door
Lair:5 1 runed translucent door

##.#........[.##.#...#.##
##.............[#...####
#.....#..........#.##
##...............###
#..............## ### ##
##..............# ####.####.
####..........####.#...#...
##......#.[o..###..........
##........[@)..............#
##.....#...))[.........)...#.
#.....###....................
##....##.....................
#...##.......#.#............
##.####.#.......#...........
#####.#...#.#...#...)......
#......####.>....[<.##..
##.#....####.#...))####.


You could see an orc warlord.


Message History

You slice the orc!!
You kill the orc!
No target in view!
You climb downwards.
The ufetubus barely misses you. The ufetubus completely misses you.
The orc warrior shoots a bolt.
The bolt hits you!
The ufetubus hits you but does no damage.
The ufetubus completely misses you.
The smoke demon hits you but does no damage.
The smoke demon closely misses you. The smoke demon hits you.
There is a stone staircase leading up, spattered with blood here.
Danger!
Unknown command.
The orc sorcerer points at you and mumbles some strange words.
The bolt of fire hits you! The ufetubus closely misses you. x2
The orc warrior shoots a bolt.
The bolt misses you. The smoke demon barely misses you.
The smoke demon completely misses you. The smoke demon closely misses you.
The orc warlord shouts!
You climb upwards.
There is a stone staircase leading down here.
Unknown command.
Unknown command.
Unknown command.
You start resting.
Unknown command.
Unknown command.
You climb downwards.
The ufetubus hits you but does no damage. x2
The orc warlord hits you with a +0 battleaxe.
The ufetubus barely misses you.
The ufetubus hits you but does no damage.
The ufetubus barely misses you. The ufetubus closely misses you.
The orc priest invokes the aid of Beogh against you.
Beogh smites you!
The orc sorcerer casts a spell.
The orc warlord hits you but does no damage.
The ufetubus barely misses you. The ufetubus closely misses you.
There is a stone staircase leading up, spattered with blood here.
Danger!
Unknown command.
The ufetubus misses you. The ufetubus closely misses you.
The ynoxinul gestures.
The ufetubus closely misses you. x2
The ufetubus hits you but does no damage.
The ufetubus barely misses you. The orc warlord completely misses you.
The orc warrior unwields a +0 arbalest.
The orc warrior wields a +0 halberd.
The orc warrior hits you but does no damage.
You climb upwards.
There is a stone staircase leading down here.
Unknown command.
Unknown command.
Unknown command.
You hit the orc warlord but do no damage.
You bite the orc warlord, but do no damage.
You hit the orc warlord. You punch the orc warlord. You bite the orc warlord!
You drain its power.
You feel invigorated.
The orc warlord roars a battlecry!
The orc warrior goes into a battle-frenzy!
The orc warrior hits you with a +0 halberd!
Unknown command.
You completely miss the orc warlord.
The orc warlord hits you with a +0 battleaxe!!
You barely miss the orc warlord. Your bite misses the orc warlord.
The orc warrior hits you but does no damage.
Unknown command.
You barely miss the orc warrior. You bite the orc warrior! You drain its power.
You feel invigorated. The orc warlord misses you.
Unknown command.
You hit the orc warrior. Your bite misses the orc warrior.
The orc warrior closely misses you.
You can now pass through a line of other dancers.
You hit the orc warrior.
You bite the orc warrior, but do no damage.
The orc warlord hits you with a +0 battleaxe!
The orc warrior closely misses you.
You hit the orc warrior. Your bite misses the orc warrior.
The orc warlord hits you with a +0 battleaxe!
* * * LOW HITPOINT WARNING * * *
Unknown command.
You hit the orc warrior.
You kill the orc warrior!
Unknown command.
You hit the orc warlord. You bite the orc warlord! You drain its power.
You feel invigorated.
The orc warlord curses loudly.
The orc warlord hits you with a +0 battleaxe!
* * * LOW HITPOINT WARNING * * *
You slash the orc warlord! You bite the orc warlord. You drain its power.
You feel invigorated.
Uskayaw will force your foes to helplessly watch your dance.
Unknown command.
You barely miss the orc warlord.
You bite the orc warlord, but do no damage.
The orc warlord hits you with a +0 battleaxe!!
* * * LOW HITPOINT WARNING * * *
Unknown command.
You barely miss the orc warlord.
The orc warlord hits you with a +0 battleaxe!!
You die...

Skill      XL: |  1  2  3  4  5  6  7  8  9 10 11 12 13 14 15 |
---------------+----------------------------------------------+-----
Ranged Weapons | 4 5 6 7 8 9 10 11 12 | 12.0
Long Blades    | 3 6 8 10 12 14 | 14.0
Invocations    | 3 6 7 9 |  9.3
Fighting       | 3 5 7 8 |  8.0
Spellcasting   | 2 4 5 |  5.8
Armour         | 2 |  2.0
Dodging        | 2 5 |  5.0
Stealth        | 3 7 8 9 |  9.6
Evocations     | 2 5 9 |  9.7

Action                   |  1- 3 |  4- 6 |  7- 9 | 10-12 | 13-15 || total
-------------------------+-------+-------+-------+-------+-------++-------
Melee: Dagger            |     6 |   145 |       |       |       ||   151
       Bite              |     2 |    42 |    30 |   107 |   253 ||   434
       Falchion          |       |     4 |   113 |   306 |   683 ||  1106
       Punch             |       |       |     1 |     5 |    14 ||    20
 Fire: Shortbow          |    88 |    90 |   150 |   287 |   300 ||   915
       Longbow           |       |       |       |       |   178 ||   178
Invok: Line Pass         |       |       |       |     1 |       ||     1
Evoke: Wand              |       |       |       |     9 |       ||     9
       Phial of floods   |       |       |       |     1 |       ||     1
  Use: Scroll            |       |    11 |    14 |     6 |    11 ||    42
       Potion            |       |       |       |     2 |       ||     2
 Stab: Sleeping          |       |     1 |     1 |     3 |     1 ||     6
       Paralysed         |       |       |     4 |    29 |    59 ||    92
Armor: Leather armour    |     9 |    34 |     9 |       |       ||    52
       Troll leather arm |       |       |    23 |    94 |   248 ||   365
Dodge: Dodged            |    17 |    70 |    83 |   160 |   455 ||   785

Levels and vault maps discovered:
D:1:      tarquinn_simple_flora_water_e, layout_loops_ring
D:2:      layout_basic, shapermc_ecumenical_altar_ellora, wad_orctagon
D:3:      layout_basic, serial_shops, nicolae_shop_behind_doors
D:4:      layout_basic, mainiacjoe_overflow_paths, kennysheep_generic_room_13
D:5:      layout_loops_ring, mainiacjoe_overflow_cross_hatched, uniq_ijyb,
          uniq_eustachio
D:6:      layout_gridville, lemuel_zombie_altar_yredelemnul,
          minmay_temple_entry_large_hall, gup_sewer_entry_glass
D:7:      layout_cave_pools, hangedman_decor_peaks_small,
          hangedman_decor_riveting
D:8:      layout_cave_pods
D:9:      layout_layer_cave, uniq_grum
D:10:     layout_small_grid, grunt_temple_overflow_open,
          erik_lair_orcish_takeover, hangedman_misty_isle
D:11:     layout_roguey, serial_shops, shop, uniq_sonja
D:12:     layout_loops_ring, hiddenorc2_lemuel, uniq_urug
D:13:     layout_grid_maze, erik_vaults_2, uniq_josephine
D:14:     layout_long_grid, chequers_serial_rivers_micro_a
D:15:     grunt_enter_depths_magical_seal, layout_basic,
          chequers_serial_rivers_large_b, minivault_10, minmay_hidden_floor
Temple:   minmay_crystal_spiral_temple
Lair:1:   layout_loops_ring, nicolae_lair_liquid_snakes, grunt_megastairs_5
Lair:2:   layout_concentric_octagons, dummy_spider_entry,
          nicolae_volcano_entry_two_sided, columned_hall_lemuel,
          grunt_megastairs_1, serial_bayou_shore_a
Lair:3:   layout_concentric_octagons, minmay_shoals_entry_hut
Lair:4:   layout_big_grid, slime_entry_1, grunt_forest_large_clearings
Lair:5:   wormcave, layout_cave_pods, grunt_megastairs_3
Orc:1:    layout_caves, portal_ice_cave_entry_pillars_2, basic_altar
Orc:2:    st_orc_congregation, layout_diamond_mine

Notes
Turn   | Place    | Note
-------+----------+-------------------------------------------
     0 | D:1      | Sobieck the Vine Stalker Hunter began the quest for the
                  | Orb.
     0 | D:1      | Reached XP level 1. HP: 11/11 MP: 2/2
   139 | D:1      | Reached skill level 4 in Ranged Weapons
   139 | D:1      | Reached XP level 2. HP: 15/15 MP: 3/3
   580 | D:1      | Reached XP level 3. HP: 18/18 MP: 4/4
  1190 | D:2      | Found a faded altar of an unknown god.
  1501 | D:2      | Reached skill level 5 in Ranged Weapons
  1501 | D:2      | Gained mutation: Your natural rate of healing is unusually
                  | fast. [Vine Stalker growth]
  1501 | D:2      | Reached XP level 4. HP: 23/23 MP: 5/5
  1920 | D:3      | Reached XP level 5. HP: 19/26 MP: 6/6
  1965 | D:3      | You add the spells Conjure Flame, Ignite Poison and Sticky
                  | Flame to your library.
  2415 | D:3      | Reached skill level 6 in Ranged Weapons
  2446 | D:3      | Found Lonlohyi's Assorted Antiques.
  2449 | D:3      | Bought a scroll labelled MEHEMAN EFOU for 26 gold pieces
  2449 | D:3      | Bought a rapier for 104 gold pieces
  2650 | D:4      | You pick up a book of the Hunter and begin reading...
  2650 | D:4      | You add the spells Call Canine Familiar, Portal Projectile
                  | and Leda's Liquefaction to your library.
  2957 | D:4      | Found a white marble altar of Elyvilon.
  2960 | D:4      | Reached XP level 6. HP: 30/30 MP: 7/7
  3335 | D:5      | Entered Level 5 of the Dungeon
  3345 | D:5      | Reached skill level 7 in Ranged Weapons
  3416 | D:5      | Found a stormy altar of Qazlal.
  3440 | D:5      | Identified the +9 falchion of Guul {vorpal, Str+4}
  3712 | D:5      | Reached XP level 7. HP: 34/34 MP: 8/8
  3741 | D:5      | Noticed Eustachio
  3751 | D:5      | Killed Eustachio
  3752 | D:5      | Reached skill level 2 in Long Blades
  3797 | D:5      | Noticed Ijyb
  3803 | D:5      | Killed Ijyb
  4201 | D:6      | Reached skill level 3 in Long Blades
  4201 | D:6      | Reached skill level 8 in Ranged Weapons
  4201 | D:6      | Gained mutation: You have razor-sharp teeth. [Vine Stalker
                  | growth]
  4201 | D:6      | Reached XP level 8. HP: 36/38 MP: 9/9
  4220 | D:6      | Found a glowing drain.
  4257 | Sewer    | Entered a sewer
  4296 | Sewer    | Reached skill level 4 in Long Blades
  4308 | Sewer    | Noticed Pargi
  4313 | Sewer    | Killed Pargi
  4448 | D:6      | Found a staircase to the Ecumenical Temple.
  4510 | Temple   | Entered the Ecumenical Temple
  4645 | Temple   | Became a worshipper of Uskayaw the Reveller
  4854 | D:6      | Reached * piety under Uskayaw
  4905 | D:6      | Reached ** piety under Uskayaw
  4914 | D:6      | Reached *** piety under Uskayaw
  4915 | D:6      | Reached skill level 5 in Long Blades
  4961 | D:6      | Found a basalt altar of Yredelemnul.
  4967 | D:6      | You pick up a book of Changes and begin reading...
  4967 | D:6      | You add the spells Beastly Appendage, Wereblood and Spider
                  | Form to your library.
  5067 | D:6      | You pick up a book of Beasts and begin reading...
  5067 | D:6      | You add the spells Summon Ice Beast, Summon Mana Viper and
                  | Monstrous Menagerie to your library.
  5267 | D:7      | You pick up a book of Dangerous Friends and begin
                  | reading...
  5267 | D:7      | You add the spells Summon Guardian Golem, Orb of
                  | Destruction and Spellforged Servitor to your library.
  5333 | D:7      | Reached **** piety under Uskayaw
  5334 | D:7      | Reached skill level 6 in Long Blades
  5368 | D:7      | Reached XP level 9. HP: 42/42 MP: 10/10
  5532 | D:7      | Reached skill level 9 in Ranged Weapons
  5677 | D:7      | Reached skill level 7 in Long Blades
  6711 | D:8      | Reached skill level 8 in Long Blades
  6925 | D:8      | Reached ***** piety under Uskayaw
  6930 | D:8      | Reached XP level 10. HP: 46/46 MP: 11/11
  6930 | D:8      | Reached ****** piety under Uskayaw
  6932 | D:8      | Reached skill level 9 in Long Blades
  6938 | D:8      | Reached skill level 10 in Ranged Weapons
  7087 | D:9      | Noticed a cyclops
  7111 | D:8      | Killed a cyclops
  7112 | D:8      | Reached skill level 1 in Invocations
  7156 | D:8      | Reached skill level 2 in Invocations
  7315 | D:9      | Noticed a two-headed ogre
  7329 | D:9      | Killed a two-headed ogre
  7330 | D:9      | Reached skill level 10 in Long Blades
  7367 | D:9      | Reached skill level 3 in Invocations
  7419 | D:9      | Noticed a centaur warrior
  7443 | D:9      | Killed a centaur warrior
  7501 | D:9      | Paralysed by a hornet for 1 turns
  7505 | D:9      | HP: 9/46 [poisoned by a hornet]
  7510 | D:9      | HP: 9/46 [poisoned by a hornet]
  7586 | D:9      | Reached XP level 11. HP: 49/50 MP: 14/14
  7840 | D:9      | Noticed Grum
  7854 | D:9      | Reached skill level 4 in Invocations
  7867 | D:9      | Killed Grum
  8524 | D:10     | Entered Level 10 of the Dungeon
  8593 | D:10     | Reached skill level 11 in Long Blades
  8798 | D:10     | Found a staircase to the Lair.
  8802 | D:10     | Found a snail-covered altar of Cheibriados.
  8803 | D:10     | Found an ornate altar of the Wu Jian Council.
  8987 | D:10     | Reached skill level 11 in Ranged Weapons
  9281 | D:10     | Reached skill level 5 in Invocations
  9377 | D:10     | You pick up a book of Lightning and begin reading...
  9377 | D:10     | You add the spells Static Discharge, Lightning Bolt and
                  | Maxwell's Capacitive Coupling to your library.
  9519 | D:11     | You pick up a book of Necromancy and begin reading...
  9519 | D:11     | You add the spells Necrotise, Vampiric Draining and Agony
                  | to your library.
  9533 | D:11     | Identified the +1 ring mail "Allivar" {rCorr Dex+2}
  9556 | D:11     | Noticed a purple ugly thing
  9561 | D:11     | Killed a purple ugly thing
  9879 | D:11     | Found Soliczimoe's General Store.
  9883 | D:11     | Bought a scroll of blinking for 75 gold pieces
 10097 | D:11     | Noticed Sonja
 10137 | D:11     | Killed Sonja
 10138 | D:11     | Reached skill level 12 in Long Blades
 10282 | D:12     | Noticed a deep elf pyromancer
 10295 | D:12     | Killed a deep elf pyromancer
 10321 | D:12     | Reached skill level 6 in Invocations
 10375 | D:12     | Noticed Urug
 10378 | D:12     | Noticed a manticore
 10497 | Lair:1   | Entered Level 1 of the Lair of Beasts
 10577 | Lair:1   | Noticed a catoblepas
 10630 | Lair:1   | HP: 6/50 [catoblepas (16)]
 10633 | Lair:1   | Killed a catoblepas
 10807 | Lair:1   | Reached XP level 12. HP: 52/54 MP: 17/17
 10989 | Lair:1   | Reached skill level 7 in Invocations
 10994 | Lair:1   | Reached skill level 13 in Long Blades
 11672 | Lair:2   | You add the spells Tukima's Dance, Passage of Golubria and
                  | Yara's Violent Unravelling to your library.
 11722 | Lair:2   | Noticed a seven-headed hydra
 11735 | Lair:2   | Killed a nine-headed hydra
 11982 | Lair:2   | Reached skill level 14 in Long Blades
 12015 | Lair:2   | Reached skill level 2 in Fighting
 12062 | Lair:2   | Found a hole to the Spider Nest.
 12068 | Lair:2   | Noticed a boulder beetle
 12082 | Lair:2   | Reached skill level 1 in Spellcasting
 12093 | Lair:2   | Killed a boulder beetle
 12094 | Lair:2   | Reached skill level 1 in Armour
 12094 | Lair:2   | Reached skill level 2 in Dodging
 12094 | Lair:2   | Reached skill level 2 in Stealth
 12094 | Lair:2   | Reached skill level 1 in Evocations
 12159 | Lair:2   | Found a dark tunnel.
 12163 | Lair:2   | You pick up a book of Party Tricks and begin reading...
 12163 | Lair:2   | You add the spells Apportation and Alistair's Intoxication
                  | to your library.
 12589 | Lair:3   | Reached skill level 2 in Spellcasting
 12591 | Lair:3   | Reached skill level 3 in Stealth
 12824 | Lair:3   | Reached skill level 2 in Evocations
 13048 | Lair:3   | Reached skill level 3 in Fighting
 13048 | Lair:3   | Reached skill level 2 in Armour
 13110 | Lair:3   | You pick up a book of Conjurations {@e2} and begin
                  | reading...
 13110 | Lair:3   | You add the spells Magic Dart, Searing Ray and Fulminant
                  | Prism to your library.
 13190 | Lair:3   | Reached XP level 13. HP: 33/60 MP: 11/19
 13296 | Lair:3   | Reached skill level 3 in Dodging
 13309 | Lair:3   | Reached skill level 4 in Stealth
 13482 | Lair:3   | Reached skill level 3 in Spellcasting
 13731 | Lair:3   | Found a staircase to the Shoals.
 13784 | Lair:4   | Reached skill level 3 in Evocations
 13815 | Lair:4   | Found a viscous altar of Jiyva.
 13815 | Lair:4   | Found a staircase to the Slime Pits.
 13830 | Lair:4   | You add the spells Olgreb's Toxic Radiance, Ozocubu's
                  | Refrigeration and Ignition to your library.
 13903 | Lair:4   | HP: 11/61 [wolf (6)]
 14034 | Lair:4   | Reached skill level 5 in Stealth
 14065 | Lair:4   | Reached skill level 4 in Fighting
 14130 | Lair:3   | Reached skill level 4 in Spellcasting
 14220 | Lair:4   | Reached skill level 4 in Dodging
 14558 | Lair:5   | Entered Level 5 of the Lair of Beasts
 14606 | Lair:4   | Reached skill level 4 in Evocations
 14673 | Lair:5   | Reached skill level 6 in Stealth
 15139 | Lair:5   | Reached skill level 5 in Fighting
 15350 | Lair:5   | Reached skill level 7 in Stealth
 15543 | Lair:5   | Reached skill level 5 in Evocations
 15555 | Lair:5   | Reached skill level 5 in Dodging
 16067 | Lair:5   | Found a runed translucent door.
 16068 | Lair:5   | Noticed a fire dragon
 16074 | Lair:5   | Reached XP level 14. HP: 69/69 MP: 19/21
 16092 | Lair:5   | Paralysed by a hornet for 1 turns
 16131 | Lair:5   | Reached skill level 6 in Fighting
 16131 | Lair:5   | Reached skill level 8 in Stealth
 16190 | Lair:5   | Reached skill level 6 in Evocations
 16309 | Lair:5   | Paralysed by a hornet for 1 turns
 16699 | D:11     | Killed Urug
 16819 | D:12     | Reached skill level 7 in Fighting
 16999 | D:12     | Reached skill level 7 in Evocations
 17015 | D:12     | You pick up a book of Minor Magic and begin reading...
 17015 | D:12     | You add the spells Call Imp and Mephitic Cloud to your
                  | library.
 17039 | D:12     | Identified the +7 hand axe of Traps {freeze, +Blink rElec}
 17078 | D:12     | Found a staircase to the Orcish Mines.
 17504 | D:13     | You pick up a book of Iron and begin reading...
 17504 | D:13     | You add the spells Animate Armour, Blade Hands and Iron
                  | Shot to your library.
 17648 | D:13     | Found a gate to the Vaults.
 17677 | D:12     | Reached skill level 8 in Evocations
 17926 | D:13     | Noticed Josephine
 17994 | D:13     | Killed Josephine
 17995 | D:13     | Reached skill level 9 in Evocations
 18595 | D:14     | You pick up a book of the Dragon and begin reading...
 18595 | D:14     | You add the spells Cause Fear, Dragon Form and Dragon's
                  | Call to your library.
 19189 | D:14     | Reached XP level 15. HP: 75/75 MP: 23/23
 19476 | D:14     | Identified a scroll of acquirement
 19484 | D:14     | Acquired a +5 longbow of flaming
 19796 | D:15     | Entered Level 15 of the Dungeon
 19802 | D:15     | Reached skill level 8 in Invocations
 19964 | D:15     | Reached skill level 5 in Spellcasting
 19987 | D:15     | Found a runed translucent door.
 20013 | D:15     | Reached skill level 9 in Stealth
 20399 | D:15     | Found a staircase to the Depths.
 20759 | D:15     | HP: 13/77 [tengu conjurer/bolt of lightning (11)]
 21733 | Orc:1    | Entered Level 1 of the Orcish Mines
 21805 | Orc:1    | Reached skill level 9 in Invocations
 22135 | Orc:1    | Found a frozen archway.
 22285 | Orc:2    | Entered Level 2 of the Orcish Mines
 22401 | Orc:2    | Reached skill level 8 in Fighting
 22422 | Orc:2    | HP: 14/77 [ogre/+0 giant spiked club (19)]
 22498 | Orc:2    | Reached skill level 12 in Ranged Weapons
 22523 | Orc:2    | Noticed an orc warlord
 22547 | Orc:1    | HP: 18/77 [orc warlord/+0 battleaxe (14)]
 22548 | Orc:1    | Slain by an orc warlord

Vanquished Creatures
  Josephine (D:13)
  8 vault guards
  7 hydras
  2 centaur warriors
  A catoblepas (Lair:1)
  4 two-headed ogres
  A boulder beetle (Lair:2)
  2 tengu warriors
  Urug (D:11)
  An orc high priest (Orc:2)
  A deep elf knight (D:15)
  Sonja (D:11)
  A flayed ghost (D:15)
  A wizard (D:15)
  A necromancer (D:15)
  4 orc knights
  14 ugly things
  A deep elf zephyrmancer (D:15)
  5 cyclopes
  2 lindwurms (Lair:5)
  5 deep elf pyromancers
  A wolf spider zombie (D:15)
  3 orc sorcerers
  A manticore (D:15)
  A naga mage (D:15)
  6 torpor snails
  7 black mambas
  4 gargoyles
  6 cane toads
  2 unseen horrors
  2 rime drakes
  An efreet (D:15)
  5 tengu conjurers
  2 kobold demonologists
  7 komodo dragons
  4 polar bears
  4 trolls
  3 tyrant leeches (Lair:5)
  10 hornets
  A snapping turtle (Lair:3)
  7 dream sheep (Lair:3)
  12 blink frogs
  11 slime creatures (D:14)
  A spriggan (Lair:3)
  2 shadows
  5 water elementals (D:15)
  A centaur simulacrum (D:15)
  A vampire (D:11)
  6 wraiths
  6 wyverns
  Eustachio (D:5)
  50 yaks
  6 basilisks
  Grum (D:9)
  A basilisk (shapeshifter) (D:15)
  4 steam dragons
  6 vampire mosquitoes
  4 wargs
  2 acid dragons
  12 water moccasins
  Pargi (Sewer)
  A black bear (D:8)
  A hornet zombie (D:15)
  5 sky beasts
  An ice beast (D:7)
  17 orc warriors
  2 ogres
  38 wolves
  6 centaurs
  2 kobold brigands
  A gnoll sergeant (D:9)
  7 bullfrogs
  A wyvern zombie (D:6)
  3 scorpions
  3 wights (D:8)
  A hornet simulacrum (D:15)
  9 killer bees
  9 electric eels
  4 howler monkeys
  A bullfrog zombie (D:6)
  5 lava snakes (Lair:1)
  12 orc priests
  4 hounds (D:5)
  4 jellies
  4 iguanas
  22 orc wizards
  7 hell rats (Lair:1)
  Ijyb (D:5)
  14 adders
  6 gnolls
  A shadow imp (D:5)
  3 white imps
  2 ufetubi
  3 worms
  4 dart slugs
  104 orcs
  9 ball pythons
  4 endoplasms
  3 giant cockroaches
  4 goblins
  16 hobgoblins
  3 jackals (D:5)
  14 kobolds
  2 quokkas
  4 bats
  6 frilled lizards
  5 rats
  A plant (Lair:5)
653 creatures vanquished.

Vanquished Creatures (others)
  A sky beast (D:10)
  10 fungi
  22 plants
33 creatures vanquished.

Grand Total: 686 creatures vanquished

Table legend:
 A = Non-vault XP
 B = Vault XP
 C = Vault XP percentage of total XP
 D = Non-vault monster count
 E = Vault monster count
 F = Vault count percentage of total count
                 A         B        C        D         E       F
            +---------+---------+-------+---------+---------+-------
      Total |   80380 |   34536 |  30.1 |     472 |     181 |  27.7
            +---------+---------+-------+---------+---------+-------
        D:1 |      36 |       0 |   0.0 |      20 |       0 |   0.0
        D:2 |      92 |      12 |  11.5 |      23 |       4 |  14.8
        D:3 |     102 |       0 |   0.0 |      18 |       0 |   0.0
        D:4 |     213 |       2 |   0.9 |      20 |       1 |   4.8
        D:5 |     366 |     234 |  39.0 |      16 |       2 |  11.1
        D:6 |     613 |     183 |  23.0 |      15 |       6 |  28.6
        D:7 |     978 |       0 |   0.0 |      18 |       0 |   0.0
        D:8 |    3586 |       0 |   0.0 |      29 |       0 |   0.0
        D:9 |    3133 |     650 |  17.2 |      26 |       5 |  16.1
       D:10 |    1440 |    1621 |  53.0 |      12 |      14 |  53.8
       D:11 |    1365 |    1568 |  53.5 |      12 |       2 |  14.3
       D:12 |    5562 |    4525 |  44.9 |      18 |      39 |  68.4
       D:13 |    4165 |    4376 |  51.2 |       9 |       5 |  35.7
       D:14 |    9187 |       0 |   0.0 |      22 |       0 |   0.0
       D:15 |   11466 |    6513 |  36.2 |      34 |      13 |  27.7
     Lair:1 |    3375 |    2361 |  41.2 |      18 |      17 |  48.6
     Lair:2 |    4860 |     954 |  16.4 |      20 |       2 |   9.1
     Lair:3 |    6475 |     714 |   9.9 |      27 |       4 |  12.9
     Lair:4 |    7203 |    4019 |  35.8 |      25 |      32 |  56.1
     Lair:5 |    7906 |    6499 |  45.1 |      28 |      18 |  39.1
      Orc:1 |    3839 |      88 |   2.2 |      37 |       6 |  14.0
      Orc:2 |    4418 |      33 |   0.7 |      25 |       1 |   3.8
      Sewer |       0 |     184 | 100.0 |       0 |      10 | 100.0
            +---------+---------+-------+---------+---------+-------

Illustrated notes

Table legend:
 A = Kills in this place as a percentage of kills in entire the game.
 B = Kills by you in this place as a percentage of kills by you in the entire game.
 C = Kills by friends in this place as a percentage of kills by friends in the entire game.
 D = Other kills in this place as a percentage of other kills in the entire game.
 E = Experience gained in this place as a percentage of experience gained in the entire game.
 F = Experience gained in this place divided by the number of levels of this place that you have seen.
                   A       B       C       D       E      F
               +-------+-------+-------+-------+-------+----------------------
         Total | 100.0 | 100.0 |   N/A | 100.0 | 100.0 | 4788.2
       Dungeon |  58.7 |  58.6 |   N/A | 100.0 |  53.9 | 4132.5
          Lair |  29.2 |  29.3 |   N/A |   0.0 |  38.6 | 8873.2
  Orcish Mines |  10.6 |  10.6 |   N/A |   0.0 |   7.3 | 4189.0
         Sewer |   1.5 |   1.5 |   N/A |   0.0 |   0.2 | 184.0
               +-------+-------+-------+-------+-------+----------------------

Table legend: (Time is in decaauts)
 A = Elapsed time spent in this place.
 B = Non-inter-level travel time spent in this place.
 C = Inter-level travel time spent in this place.
 D = Time resting spent in this place.
 E = Time spent auto-exploring this place.
 F = Levels seen in this place.
 G = Mean time per level.
                   A        B        C        D        E       F      G
               +--------+--------+--------+--------+--------+-----+--------+
         Total |  22246 |  21050 |   1196 |   2714 |  13473 |  24 |  926.9 |
       Dungeon |  15137 |  14373 |    764 |   1683 |   9507 |  15 | 1009.1 |
        Temple |    220 |    135 |     85 |      0 |    113 |   1 |  220.0 |
          Lair |   5941 |   5610 |    331 |    925 |   3402 |   5 | 1188.2 |
  Orcish Mines |    732 |    717 |     15 |    105 |    374 |   2 |  366.0 |
         Sewer |    215 |    215 |      0 |      0 |     77 |   1 |  215.0 |
               +--------+--------+--------+--------+--------+-----+--------+

Top non-repeatable levels by time:
    D:15: 1744 daAuts
  Lair:5: 1616 daAuts
     D:9: 1416 daAuts
    D:14: 1398 daAuts
  Lair:3: 1351 daAuts
     D:8: 1218 daAuts
  Lair:1: 1127 daAuts
    D:12: 1027 daAuts
    D:13: 1017 daAuts
     D:1: 988 daAuts
  Lair:2: 959 daAuts
    D:10: 934 daAuts
     D:2: 898 daAuts
  Lair:4: 886 daAuts
    D:11: 818 daAuts
